Unix NetHack Version 5.0.0-0 post-release - last build May 10 2026 23:12:36 (d1fa5d53e341ca933230fdaa984d921c805b60aa,branch:main).

Game began 2026-05-13 16:00:25, ended 2026-05-13 16:40:04.

Brudee, neutral female human Tourist

       ---------
       |........        ---------------------------------
       |.......|      ##................................|
       |.<.....-########|.----....-----.----- -..-----  |
       -----+..-       #|.|..|---.|...|.|..|   ..|(((|
                        |.|..|..|.|._.-.-..|   ..|(((|
                        |.-|-|..|.|...|.---|----.|@@.|
                        |....|..|.|...|....-...|.- ---  |
                        |.{..-|--.----|..%.|   |..d.....|
                        |..........-..|+--.-----..----- |
                        |....--|-..|  |  |.......)).%!|
             |          |.--+-..|.-----  ---|-....|.%%|
            |.          |.|  |..|.|.%.|    ..|---.-----
            |.          |.|  |---.|./!|  |...|  +..
            |.          |.|  |....-.*[|  |...|  |...
            ---         |.----....----- ---------.....  |
                        |...............................|
                        ---------------------------------

Brudee the Excursionist     St:8 Dx:12 Co:18 In:13 Wi:10 Ch:16  Neutral S:3488
Dlvl:8  $:0  HP:0(63) Pw:33(33) AC:2  Xp:7 T:2793  Burdened

Latest messages:
 Izchak's candle catches light!
 Izchak gets angry!
 Izchak is caught in the tower of flame!
 Your boots smoulder!
 You hear some noises.
 Izchak zaps a wand of striking!
 The wand misses you.
 What do you want to read? [sESU or ?*] ?
 As you read the scroll, it disappears.
 You identify this as an identify scroll.
 You hear some noises in the distance.
 Izchak zaps a wand of striking!
 The wand misses you.
 Izchak zaps a wand of striking!
 The wand hits you!
 What do you want to read? [sEU or ?*] ?
 As you read the scroll, it disappears.
 You forget some of your training in dart.
 Who was that Maud person anyway?
 The dog misses BeardyHaddock's ghost.
 Izchak zaps a wand of striking!
 The wand hits you!
 What do you want to read? [sU or ?*] ?
 As you read the scroll, it disappears.
 Your hands begin to glow red.
 Call a scroll labeled ZLORFIK: CONFUSE MONSTER
 The dog misses BeardyHaddock's ghost.
 Izchak zaps a wand of striking!
 The wand misses you.
 You don't know any spells right now.
 You don't know any spells right now.
 What do you want to zap? [IX or ?*] ?
 In what direction? l
 The dog misses BeardyHaddock's ghost.
 Izchak zaps a wand of striking!
 The wand hits you!
 Izchak zaps a wand of striking!
 The wand misses you.
 The dog misses BeardyHaddock's ghost.
 Izchak zaps a wand of striking!
 The wand misses you.
 What do you want to zap? [IX or ?*] l
 That is a silly thing to zap.
 You miss Izchak.
 The dog misses BeardyHaddock's ghost.
 Izchak hits!
 You die...
 Izchak takes all your possessions.
 Do you want to see what you had when you died? [ynq] (y) y
 Do you want to see your attributes? [ynq] (y) q

Inventory:
 Amulets  ('"')
  Z - an uncursed amulet of ESP
  Y - an uncursed amulet of unchanging
 Weapons  (')')
  K - 10 rustproof +0 darts
  a - a +2 dart (at the ready)
  N - a +0 dagger
  T - a blessed +0 dwarvish short sword (weapon in right hand)
 Armor    ('[')
  D - an uncursed +1 orcish helm (being worn)
  y - an uncursed burnt +0 pair of water walking boots (being worn)
  k - an uncursed +0 Hawaiian shirt with a giant eel motif (being worn)
  W - an uncursed +0 dwarvish mithril-coat (being worn)
 Comestibles  ('%')
  f - 2 uncursed apples
  R - an uncursed carrot
  c - 3 uncursed food rations
  A - an uncursed partly eaten food ration
  e - an uncursed fortune cookie
  p - 2 uncursed sprigs of wolfsbane
  b - 2 uncursed tripe rations
  g - an uncursed egg
  z - an uncursed lichen corpse
 Scrolls  ('?')
  U - a blessed scroll of blank paper
 Potions  ('!')
  v - 2 uncursed potions of fruit juice
  H - an uncursed potion of gain level
  F - a blessed potion of healing
  t - an uncursed potion of healing
  L - an uncursed potion of object detection
  G - 2 uncursed potions of water
 Wands    ('/')
  X - a wand of opening (0:6)
  I - a wand of striking (0:0)
 Tools    ('(')
  j - a cursed bag of holding containing 1 item
  d - a bag of tricks (0:5)
  J - an uncursed blindfold
  m - an uncursed credit card
  l - an expensive camera (0:97)
  M - an uncursed skeleton key
 Gems/Stones  ('*')
  C - 2 uncursed worthless pieces of orange glass
  n - an uncursed worthless piece of yellow glass
  u - a cursed touchstone

Contents of the bag of holding:
  a cursed -3 helm of opposite alignment

Brudee the Tourist's attributes:

Background:
 You were an Excursionist, a level 7 female human Tourist.
 You were neutral, on a mission for The Lady
 who was opposed by Blind Io (lawful) and Offler (chaotic).
 You were right-handed.
 You were in the Gnomish Mines, on level 8.
 You entered the dungeon 2793 turns ago.
 You had 772 experience points, 508 more were needed to attain level 8.
 Your score was 3488 before end-of-game adjustments.

Basics:
 You had 0 out of 63 hit points.
 You had all 33 energy points (spell power).
 Your armor class was 2.
 Your wallet was empty.
 Autopickup was on for '!+?"/=$' plus thrown.

Final Characteristics:
 Your strength was 8 (peak:11, limit:18/100).
 Your dexterity was 12 (limit:18).
 Your constitution was 18 (limit:18).
 Your intelligence was 13 (limit:18).
 Your wisdom was 10 (limit:18).
 Your charisma was 16 (limit:18).

Final Status:
 You were chained to a heavy iron ball.
 You weren't hungry.
 You were burdened; movement was slightly slowed.
 You were wielding a short sword.
 You were unskilled in short sword.

Final Attributes:
 You were piously aligned.
 You would have confused monsters when hitting them.
 You could walk on water.
 You were guarded.
 You are dead.

Miscellaneous:
 You encountered 1 bones level.
 Total elapsed playing time was 39 minutes and 38 seconds.

Major events:
 Turn
    1: Brudee the neutral female human Tourist entered the dungeon
  900: attained the rank of Sightseer (level 3)
 1540: entered the Gnomish Mines
 1791: attained the rank of Excursionist (level 6)
 2558: reached Mine Town
 2793: killed by Izchak; the shopkeeper

You didn't know any spells.

Skills:
 Fighting Skills
   bare handed combat [Unskilled]
   two weapon combat  [Unskilled]
   riding             [Unskilled]
 Weapon Skills
   dagger             [Unskilled]
   knife              [Unskilled]
   axe                [Unskilled]
   pick-axe           [Unskilled]
   short sword        [Unskilled]
   broadsword         [Unskilled]
   long sword         [Unskilled]
   two-handed sword   [Unskilled]
   saber              [Unskilled]
   mace               [Unskilled]
   morning star       [Unskilled]
   flail              [Unskilled]
   hammer             [Unskilled]
   quarterstaff       [Unskilled]
   polearms           [Unskilled]
   spear              [Unskilled]
   trident            [Unskilled]
   lance              [Unskilled]
   bow                [Unskilled]
   sling              [Unskilled]
   crossbow           [Unskilled]
   dart               [Basic]
   shuriken           [Unskilled]
   boomerang          [Unskilled]
   whip               [Unskilled]
   unicorn horn       [Unskilled]
 Spellcasting Skills
   divination spells  [Unskilled]
   enchantment spells [Unskilled]
   escape spells      [Unskilled]

Voluntary challenges:
 Character rerolling was not enabled.
 You never genocided any monsters.
 You never polymorphed an object.
 You never changed form.
 You used no wishes.
Achievements:
 You entered a shop.
 You attained the rank of Sightseer.
 You entered the Gnomish Mines.
 You attained the rank of Excursionist.
 You entered Minetown.
 You entered a temple.

 The Dungeons of Doom: levels 1 to 7
    Level 1:
    Level 2:
    Level 3:
       A weapon shop.
    Level 4:
       A sink.
       Stairs down to The Gnomish Mines.
    Level 5:
    Level 6:
    Level 7:
 The Gnomish Mines: levels 5 to 8
    Level 5:
    Level 6:
    Level 7:
    Level 8: <- You were here.
       Many shops, a temple and an altar, a fountain, a grave.
       Final resting place for
          you, killed by Izchak; the shopkeeper,
          BeardyHaddock-Arc-Dwa-Mal-Law, killed by a small mimic.


Vanquished creatures:
  a small mimic
  a wolf
  a gnome mummy
  a snake
  6 gnome leaders
  2 gnomish wizards
  6 dwarves
  a wererat
  4 killer bees
  3 hobbits
  a hobgoblin
  2 giant rats
  a yellow mold
 26 gnomes
  a gnome zombie
  4 geckos
  3 jackals
  a fox
  2 kobolds
  a goblin
  4 grid bugs
  a bat
  4 lichens
  3 newts
80 creatures vanquished.

No species were genocided or became extinct.

Game over:
                       ----------
                      /          \
                     /    REST    \
                    /      IN      \
                   /     PEACE      \
                  /                  \
                  |      Brudee      |
                  |       0 Au       |
                  |    killed by     |
                  |   Izchak; the    |
                  |    shopkeeper    |
                  |                  |
                  |       2026       |
                 *|     *  *  *      | *
        _________)/\\_//(\/(/\)/\//\/|_)_______

Aloha Brudee the Tourist...

You died in The Gnomish Mines on dungeon level 8 with 3488 points,
and 0 pieces of gold, after 2793 moves.
You were level 7 with a maximum of 63 hit points when you died.

